[Event "Team 45 45 League T39"]
[Site "Internet Chess Club"]
[Date "2008.10.31"]
[Round "2"]
[White "Fogbound"]
[Black "guyd52"]
[Result "0-1"]
[WhiteElo "1313"]
[BlackElo "1306"]
[Opening "Queen's pawn: London system"]
[ECO "A45"]
[Time "16:00:36"]
[TimeControl "2700+45"]

1. d4 Nf6 2. Bf4 g6 3. e3 Bg7 4. Nf3 d6 5. h3 O-O 6. Nbd2 Nbd7 7. c3 a6 8. Bd3
b5 9. Qc2 Bb7 10. O-O c5 11. Rfe1 c4 12. Be2 Re8 13. b3 d5 14. Nh2 e5 15. dxe5
Nxe5 16. Bg5 Qb6 17. Ndf3 Ne4 18. Bf4 h5 19. Nd4 Bc8 20. f3 Nc5 21. Bg3 Bf5 22.
Nxf5 gxf5 23. Qxf5 Ncd3 24. Rf1 Qxe3+ 25. Rf2 Nxf2 26. Qxh5 Nxh3+ 27. Kf1 Qg1#
{White checkmated} 0-1

[Event "Team 45 45 League T39"]
[Site "Internet Chess Club"]
[Date "2008.10.31"]
[Round "2"]
[White "wekabird"]
[Black "fuzzface"]
[Result "1/2-1/2"]
[WhiteElo "1328"]
[BlackElo "1334"]
[Opening "English opening"]
[ECO "A20"]
[Time "19:00:13"]
[TimeControl "2700+45"]

1. c4 e5 2. e4 Nf6 3. Nc3 Bb4 4. d3 O-O 5. a3 Bxc3+ 6. bxc3 c6 7. Nf3 h6 8. g3
d6 9. h3 Re8 10. Bg2 d5 11. cxd5 cxd5 12. O-O dxe4 13. dxe4 Qxd1 14. Rxd1 Nxe4
15. Bb2 Nc6 16. Re1 Nc5 17. Rad1 Bf5 18. Nh4 Bh7 19. Bxc6 bxc6 20. c4 e4 21. Bd4
Nd3 22. Re3 c5 23. Ba1 g5 24. Ng2 Rab8 25. Ne1 Re6 26. Nxd3 exd3 27. Rxe6 fxe6
28. Be5 Rb3 29. Bd6 Rxa3 30. Bxc5 Ra4 31. f3 a6 32. Kf2 Rxc4 33. Be3 a5 34. Bd2
a4 35. Ke3 e5 36. Ra1 Kf7 37. Ra3 Ke6 38. g4 e4 39. fxe4 Rxe4+ 40. Kxd3 Rxg4+
41. Ke2 Re4+ 42. Be3 Kf5 43. Ra1 Bg8 44. Rf1+ Ke5 45. Rf8 Bc4+ 46. Kf3 a3 47.
Re8+ Be6 48. Rxe6+ Kxe6 49. Kxe4 a2 50. Bd4 h5 51. Ba1 g4 52. hxg4 h4 53. Kf3
Kf7 54. Kg2 Kg6 55. Kh3 Kg5 56. Bb2 Kg6 57. Kxh4 Kh6 58. g5+ Kg6 59. Kg4 Kf7 60.
Kf5 Kg8 61. Kf6 Kh7 62. Kf7 a1=Q 63. Bxa1 {Black stalemated} 1/2-1/2

[Event "Team 45 45 League T39"]
[Site "Internet Chess Club"]
[Date "2008.10.30"]
[Round "2"]
[White "fuzzface"]
[Black "malihini"]
[Result "1-0"]
[WhiteElo "1334"]
[BlackElo "1263"]
[Opening "Caro-Kann: advance variation"]
[ECO "B12"]
[Time "15:00:09"]
[TimeControl "2700+45"]

1. e4 c6 2. d4 d5 3. e5 Bf5 4. Nf3 e6 5. Be2 c5 6. c3 cxd4 7. cxd4 Bb4+ 8. Nc3
Nc6 9. O-O h6 10. h3 Nge7 11. a3 Ba5 12. Nb5 O-O 13. Nd6 Qb8 14. Nh4 Bh7 15. Be3
a6 16. Bh5 Bg6 17. Bxg6 fxg6 18. Qd3 g5 19. Ng6 Nxg6 20. Qxg6 Nd8 21. Ne8 Rf7
22. Nf6+ Kf8 23. Nh7+ Kg8 24. f4 Qc7 25. fxg5 Rxf1+ 26. Rxf1 Nf7 27. gxh6 Nxh6
28. Bxh6 {Black resigns} 1-0

[Event "Team 45 45 League T39"]
[Site "Internet Chess Club"]
[Date "2008.11.02"]
[Round "2"]
[White "guyd52"]
[Black "ffplayer"]
[Result "1/2-1/2"]
[WhiteElo "1299"]
[BlackElo "1148"]
[Opening "Réti opening"]
[ECO "A05"]
[Time "09:00:40"]
[TimeControl "2700+45"]

1. Nf3 Nf6 2. g3 d5 3. Bg2 Bg4 4. d3 e6 5. O-O Nbd7 6. Nbd2 Bd6 7. b3 O-O 8. Bb2
Re8 9. Re1 c6 10. c4 Bxf3 11. Bxf3 Be5 12. d4 Bd6 13. cxd5 cxd5 14. e4 dxe4 15.
Nxe4 Nxe4 16. Bxe4 Rb8 17. Qd3 Nf6 18. Bg2 Bc7 19. a4 Nd5 20. Rac1 Bb6 21. Re4
Rc8 22. Rce1 Nf6 23. Rh4 Re7 24. d5 e5 25. Bxe5 Rxe5 26. Rxe5 Rc7 27. Re2 Rd7
28. Be4 g6 29. Bg2 Rd6 30. b4 Nxd5 31. Bxd5 Rxd5 32. Re8+ Qxe8 33. Qxd5 Qe1+ 34.
Kg2 Qxf2+ 35. Kh3 Qf1+ 36. Qg2 Qf5+ 37. g4 Qd3+ 38. Qg3 Qf1+ 39. Qg2 Qd3+ 40.
Qg3 Qf1+ 41. Qg2 {Game drawn by mutual agreement} 1/2-1/2

[Event "Team 45 45 League T39"]
[Site "Internet Chess Club"]
[Date "2008.10.31"]
[Round "2"]
[White "klt713"]
[Black "CoasterBrake"]
[Result "0-1"]
[WhiteElo "1141"]
[BlackElo "1250"]
[Opening "Nimzo-Indian defense"]
[ECO "E20"]
[Time "10:00:09"]
[TimeControl "2700+45"]

1. d4 Nf6 2. c4 e6 3. Nc3 Bb4 4. Bd2 d5 5. Nf3 Nc6 6. e3 O-O 7. Bd3 Bxc3 8. bxc3
Re8 9. Qc2 e5 10. O-O e4 11. Bxe4 Nxe4 12. cxd5 Qxd5 13. Rfe1 Bg4 14. c4 Qd7 15.
Qb2 Rab8 16. d5 Bxf3 17. gxf3 Ne5 18. Qxe5 Rxe5 19. fxe4 Qg4+ 20. Kh1 Qxe4+ 21.
Kg1 Rg5+ 22. Kf1 Qxc4+ 23. Re2 Rxd5 24. Rc1 Qa6 25. Rc2 Rbd8 26. Ke1 h6 27. f3
c6 28. f4 Rb5 29. Kf2 f5 30. Kf3 Qa4 31. Bc3 Qe4+ {White forfeits on time} 0-1

[Event "Team 45 45 League T39"]
[Site "Internet Chess Club"]
[Date "2008.11.04"]
[Round "2"]
[White "dornoch"]
[Black "QUEENCAT"]
[Result "1-0"]
[WhiteElo "1036"]
[BlackElo "913"]
[Opening "Ruy Lopez: 5.O-O"]
[ECO "C78"]
[Time "11:01:37"]
[TimeControl "2700+45"]

1. e4 e5 2. Nf3 Nc6 3. Bb5 a6 4. Ba4 Nf6 5. O-O Bd6 6. c3 b5 7. Bb3 O-O 8. d4
Na5 9. dxe5 Nxe4 10. exd6 Nxb3 11. dxc7 Qxc7 12. axb3 Bb7 13. Re1 Qc5 14. Qd4
Qxd4 15. Nxd4 g6 16. f3 Nc5 17. Re3 Rfe8 18. Kf2 d5 19. b4 Nd7 20. Rxe8+ Rxe8
21. Be3 Ne5 22. Nd2 Nd3+ 23. Ke2 Nxb2 24. Ra2 Na4 25. Kd3 Bc8 26. N2b3 Bf5+ 27.
Kd2 Rc8 28. Nc5 Nb6 29. Nxf5 gxf5 30. Nxa6 Nc4+ 31. Ke2 Re8 32. Nc7 Re5 33. Ra8+
Kg7 34. Kf2 f4 35. Bd4 Kg6 36. Bxe5 Nxe5 37. Nxb5 Nd3+ 38. Kg1 Ne5 39. Ra6+ f6
40. Nc7 Kf5 41. Nxd5 Nd7 42. Ra7 Nf8 43. b5 Ne6 44. Ra1 Nd8 45. Rb1 Ke6 46.
Nxf4+ Ke5 47. Nd3+ Kd5 48. b6 Kc4 49. b7 Nxb7 50. Rxb7 Kxc3 51. Nf4 Kd4 52. Rxh7
Ke5 53. Ra7 Kxf4 54. Ra4+ Kf5 55. h4 Kg6 56. g3 f5 57. Ra2 Kh5 58. Rh2 Kh6 59.
g4 f4 60. g5+ Kg6 61. h5+ Kxg5 62. h6 Kf5 63. h7 Ke5 64. h8=R Kd4 65. Rf8 Ke3
66. Rh4 Kxf3 67. Rhxf4+ Ke3 68. R4f7 Ke4 69. Rg8 Ke5 70. Re8+ Kd6 71. Rf1 Kd7
72. Re2 Kd6 73. Rd1+ Kc5 74. Rc2+ Kb4 75. Rb1+ Ka3 76. Rc8 Ka2 77. Rb7 Ka3 78.
Ra8# {Black checkmated} 1-0

[Event "Team 45 45 League T39"]
[Site "Internet Chess Club"]
[Date "2008.10.31"]
[Round "2"]
[White "DaMelch"]
[Black "KingOfHearts"]
[Result "0-1"]
[WhiteElo "1232"]
[BlackElo "1296"]
[Opening "KGA: bishop's gambit, Maurian defense"]
[ECO "C33"]
[Time "22:05:22"]
[TimeControl "2700+45"]

1. e4 e5 2. f4 exf4 3. Bc4 Nc6 4. d4 Be7 5. Bxf4 d6 6. Nf3 Bg4 7. O-O Qd7 8. Nc3
Nf6 9. d5 Ne5 10. Bb5 c6 11. dxc6 bxc6 12. Be2 Nxf3+ 13. Bxf3 O-O 14. e5 dxe5
15. Qxd7 Bc5+ 16. Kh1 Nxd7 17. Bxg4 f5 18. Bf3 exf4 19. Bxc6 Rad8 20. Bxd7 Rxd7
21. Rxf4 Re7 22. h3 Rfe8 23. Rff1 f4 24. Kh2 Bd6 25. Kg1 Rf7 26. Rae1 Kf8 27.
Rxe8+ Kxe8 28. Re1+ Kf8 29. Ne4 Re7 30. Kf1 Bc7 31. Nc5 g5 32. Rxe7 Kxe7 33. Ne4
h6 34. Ke2 Be5 35. b3 Ke6 36. Nc5+ Kd5 37. Nd3 Bc3 38. Kf3 Kd4 39. Kg4 Ke3 40.
Kh5 Bg7 41. Kg6 Bf8 42. Ne5 Kf2 43. Kf7 Bd6 44. Ng6 Kxg2 45. h4 f3 {White
resigns} 0-1

[Event "Team 45 45 League T39"]
[Site "Internet Chess Club"]
[Date "2008.11.01"]
[Round "2"]
[White "farbror"]
[Black "The-Capitalist"]
[Result "1-0"]
[WhiteElo "1177"]
[BlackElo "1172"]
[Opening "French: advance, Euwe variation"]
[ECO "C02"]
[Time "18:00:09"]
[TimeControl "2700+45"]

1. d4 d5 2. e4 e6 3. e5 c5 4. Nf3 Nc6 5. c3 Bd7 6. Bd3 c4 7. Bc2 Be7 8. O-O f6
9. Re1 fxe5 10. Nxe5 Nxe5 11. Qh5+ Nf7 12. Re3 Nf6 13. Qh3 Ng5 14. Qg3 Nfe4 15.
Bxe4 dxe4 16. f4 Bd6 17. h4 Qf6 18. hxg5 Qxf4 19. Qxf4 Bxf4 20. Rxe4 Bxc1 21. d5
Bxb2 22. dxe6 Bxa1 23. exd7+ Kxd7 24. Rxc4 Rac8 25. Rd4+ Ke6 26. Re4+ Kd5 27.
Re7 Bxc3 28. Rxb7 Bd4+ 29. Kh2 Be5+ 30. g3 Rc2+ 31. Kh3 Rxa2 32. Rb5+ Kd4 33.
Rb4+ Kc5 34. Rh4 h6 35. Rh5 Rb8 36. gxh6 Kd4 37. Rh4+ Kd5 38. Rh5 gxh6 39. Nc3+
Kd4 40. Nxa2 a5 41. Rh4+ Kd5 42. Ra4 Bc7 43. Nc3+ Kc5 44. Ne4+ Kb5 45. Ra1 Re8
46. Nc3+ Kb4 47. Nd5+ Kc4 48. Nxc7 Re5 49. Rc1+ Kb3 50. Rc6 h5 51. Ra6 a4 52.
Rb6+ Ka2 53. Nb5 a3 54. Nc3+ {Black resigns} 1-0

[Event "Team 45 45 League T39"]
[Site "Internet Chess Club"]
[Date "2008.11.02"]
[Round "2"]
[White "kjs110"]
[Black "MeansToAnEnd"]
[Result "1-0"]
[WhiteElo "1163"]
[BlackElo "1092"]
[Opening "Sicilian"]
[ECO "B50"]
[Time "21:22:19"]
[TimeControl "2700+45"]

1. e4 c5 2. Nf3 d6 3. g3 Nf6 4. Nc3 Nc6 5. Bg2 Bg4 6. O-O Nd4 7. d3 Nxf3+ 8.
Bxf3 Bxf3 9. Qxf3 e6 10. e5 dxe5 11. Qxb7 Qb8 12. Qc6+ Nd7 13. Nb5 Bd6 14. Nxd6+
Ke7 15. Ne4 Rc8 16. Qa4 Nb6 17. Qb5 a6 18. Qa5 c4 19. Qb4+ Ke8 20. Nd6+ Kd8 21.
Nxc8 Kxc8 22. dxc4 a5 23. Qf8+ Kc7 24. Qxb8+ Rxb8 25. c5 Nc4 26. b3 Kc6 27. bxc4
Kxc5 28. Re1 f6 29. Be3+ Kxc4 30. Rab1 Rd8 31. Red1 Rc8 32. Rd6 Kc3 33. Rb3+
Kxc2 34. Rd2+ Kc1 35. Rdb2+ Kd1 36. Rb1+ Kc2 37. Rc1# {Black checkmated} 1-0

[Event "Team 45 45 League T39"]
[Site "Internet Chess Club"]
[Date "2008.11.02"]
[Round "2"]
[White "JimGaming"]
[Black "arconia"]
[Result "1-0"]
[WhiteElo "1264"]
[BlackElo "1332"]
[Opening "Sicilian: closed"]
[ECO "B23"]
[Time "14:00:18"]
[TimeControl "2700+45"]

1. e4 c5 2. Nc3 e6 3. f4 Nc6 4. Nf3 d6 5. Bb5 Be7 6. O-O Nh6 7. d4 O-O 8. dxc5
a6 9. Bxc6 bxc6 10. cxd6 Bxd6 11. e5 Bc5+ 12. Kh1 Qe7 13. Ne4 a5 14. Nxc5 Qxc5
15. c3 Ba6 16. Rg1 Ng4 17. Rf1 Bxf1 18. Qxf1 Rad8 19. Nd4 Rxd4 20. cxd4 Qxd4 21.
h3 Nf2+ 22. Kh2 f6 23. Qe2 fxe5 24. Be3 Qd6 25. Bxf2 exf4 26. Qf3 e5 27. Rd1 Qg6
28. Qb3+ Kh8 29. g4 h5 30. Qd3 e4 31. Qd6 Qe8 32. Bc5 Kg8 33. Qxf8+ Qxf8 34.
Bxf8 Kxf8 35. Rd4 hxg4 36. hxg4 g5 37. Rxe4 Kg7 38. Re5 Kf6 39. Rxa5 {Black
resigns} 1-0

[Event "Team 45 45 League T39"]
[Site "Internet Chess Club"]
[Date "2008.11.04"]
[Round "2"]
[White "kidcobra"]
[Black "Gomer"]
[Result "0-1"]
[WhiteElo "1172"]
[BlackElo "1140"]
[Opening "Petrov's defense"]
[ECO "C42"]
[Time "14:52:52"]
[TimeControl "2700+45"]

1. e4 e5 2. Nf3 Nf6 3. Nxe5 Qe7 4. Nf3 Nxe4 5. Qe2 Nc6 6. d3 Nf6 7. Qxe7+ Bxe7
8. Nc3 O-O 9. Bg5 d6 10. Be2 h6 11. Bh4 Bg4 12. O-O Bxf3 13. Bxf3 Rfe8 14. Rfe1
Rab8 15. Rad1 Nd4 16. Bxf6 Bxf6 17. Re4 Rxe4 18. Bxe4 Nxc2 19. Rc1 Nd4 20. Kf1
c6 21. Re1 Re8 22. Bh7+ Kf8 23. Ne4 Bd8 24. Nxd6 Rxe1+ 25. Kxe1 b5 26. Nb7 Bc7
27. Be4 f5 28. Bf3 Nxf3+ 29. gxf3 Bxh2 30. Nc5 h5 31. Ne6+ Kf7 32. Nd4 c5 33.
Nxb5 a6 34. Nc3 Be5 35. Na4 a5 36. b3 h4 37. Kf1 Bd6 38. Kg2 Kg6 39. Nb6 Kg5 40.
Nc4 Bc7 41. Ne3 g6 42. Nd5 Bd6 43. Nb6 Kf4 44. Nd5+ Kg5 45. Kh3 Be5 46. Ne3 Bd4
47. Ng2 Bxf2 48. f4+ Kh5 49. Kh2 Kg4 50. Kh1 Kg3 51. a4 h3 52. Ne1 Bxe1 53. b4
cxb4 54. d4 b3 55. Kg1 b2 56. Kf1 b1=Q 57. Ke2 h2 58. d5 h1=Q 59. Ke3 Qb3+ 60.
Kd4 Qe4+ 61. Kc5 Qexd5# {White checkmated} 0-1

[Event "Team 45 45 League T39"]
[Site "Internet Chess Club"]
[Date "2008.11.02"]
[Round "2"]
[White "jeffk"]
[Black "Duck-Man"]
[Result "1-0"]
[WhiteElo "1158"]
[BlackElo "1175"]
[Opening "French: Two knights variation"]
[ECO "C00"]
[Time "14:01:14"]
[TimeControl "2700+45"]

1. e4 e6 2. Nf3 d5 3. Nc3 c5 4. exd5 exd5 5. Bb5+ Nc6 6. O-O Nf6 7. Bxc6+ bxc6
8. d4 Be7 9. Ne5 Qb6 10. Nf3 O-O 11. b3 Re8 12. Be3 Bg4 13. h3 Bh5 14. g4 Bg6
15. dxc5 Bxc5 16. Na4 Qc7 17. Nxc5 Rad8 18. Qc1 Ne4 19. Nxe4 Bxe4 20. Ng5 h6 21.
Bf4 Qe7 22. Nxe4 Qxe4 23. Re1 Qf3 24. Rxe8+ Rxe8 25. Qd2 Qxh3 26. Re1 Qxg4+ 27.
Kf1 Qh3+ 28. Kg1 Qh5 29. Rxe8+ {Black resigns} 1-0

[Event "Team 45 45 League T39"]
[Site "Internet Chess Club"]
[Date "2008.11.03"]
[Round "2"]
[White "bowwrestler"]
[Black "rpgrossman"]
[Result "1/2-1/2"]
[WhiteElo "963"]
[BlackElo "1037"]
[Opening "Sicilian: Smith-Morra gambit"]
[ECO "B21"]
[Time "10:00:31"]
[TimeControl "2700+45"]

1. e4 c5 2. d4 d6 3. d5 f6 4. Nc3 e5 5. dxe6 Bxe6 6. Nd5 Bxd5 7. Qxd5 Nc6 8. Bc4
Qe7 9. Nf3 f5 10. Bd3 Nf6 11. Bg5 Nxd5 12. Bxe7 Ndxe7 13. exf5 O-O-O 14. a3 Re8
15. O-O-O g6 16. f6 Bh6+ 17. Kb1 Nd5 18. f7 Ref8 19. Rhe1 Rxf7 20. Bc4 Re7 21.
Bxd5 Rxe1 22. Rxe1 Rf8 23. h3 Nd4 24. Re4 Nxf3 25. gxf3 Kc7 26. Re7+ Kb6 27.
Rxb7+ Ka5 28. Rxh7 Rf5 29. Rxh6 Rxd5 30. Rxg6 Rd1+ 31. Ka2 Rf1 32. Rxd6 Rxf2 33.
h4 Rxf3 34. h5 Rf8 35. b4+ cxb4 36. axb4+ Kxb4 37. Kb2 Rb8 38. Rd4+ Kc5+ 39. Kc3
a5 40. Rc4+ Kd5 41. h6 Rh8 42. Rh4 Kc5 43. Rh5+ Kb6 44. Kc4 Kc6 45. Rc5+ Kb6 46.
Rb5+ Ka6 47. Rh5 Kb6 48. Kd5 a4 49. Rh1 a3 50. Ke5 a2 51. Kf5 a1=Q 52. Rxa1 Rxh6
53. Rb1+ Kc7 54. Kg5 Rc6 55. Rb2 Kd6 56. Kf4 Rc3 57. Ke4 Kc5 58. Rb7 Rc4+ 59.
Kd3 Rd4+ 60. Kc3 Rc4+ 61. Kb3 Rd4 62. Rc7+ Kb6 63. Rc4 Rd1 64. Rb4+ Kc5 65. Rc4+
Kb5 66. Rb4+ Kc5 67. c4 Rb1+ 68. Kc3 Rxb4 69. Kd3 Rxc4 70. Ke3 Kd5 71. Kd3 Rd4+
72. Ke3 Ke5 73. Kf3 Re4 74. Kg3 Rf4 75. Kg2 Kf5 76. Kg3 Kg5 77. Kh3 Rf3+ 78. Kg2
Kg4 79. Kh2 Re3 80. Kg2 Re2+ 81. Kf1 Kf3 82. Kg1 {Game drawn by mutual
agreement} 1/2-1/2

[Event "Team 45 45 League T39"]
[Site "Internet Chess Club"]
[Date "2008.11.01"]
[Round "2"]
[White "Archdruid"]
[Black "Razorbackchess"]
[Result "1-0"]
[WhiteElo "1824"]
[BlackElo "1771"]
[Opening "Sicilian: Smith-Morra gambit"]
[ECO "B21"]
[Time "21:02:15"]
[TimeControl "2700+45"]

1. e4 c5 2. d4 cxd4 3. c3 dxc3 4. Nxc3 Nc6 5. Nf3 e6 6. Bc4 Qc7 7. Nb5 Qb8 8.
O-O a6 9. Nc3 Qc7 10. Bb3 b5 11. Re1 Nge7 12. Be3 Ng6 13. Rc1 Qb8 14. Nd5 exd5
15. Qxd5 Nce5 16. Nxe5 Nxe5 17. Rxc8+ Qxc8 18. Qxe5+ Be7 19. Qxg7 Rf8 20. Bd5 h5
21. Bh6 Qd8 22. Qh7 Qa5 23. Rc1 {Black resigns} 1-0

[Event "Team 45 45 League T39"]
[Site "Internet Chess Club"]
[Date "2008.11.01"]
[Round "2"]
[White "sean98"]
[Black "Elita499"]
[Result "1-0"]
[WhiteElo "1702"]
[BlackElo "1663"]
[Opening "Ruy Lopez: closed, Flohr-Zaitsev system (Lenzerheide variation)"]
[ECO "C88"]
[Time "18:28:37"]
[TimeControl "2700+45"]

1. e4 e5 2. Nf3 Nc6 3. Bb5 a6 4. Ba4 Nf6 5. O-O Be7 6. Re1 b5 7. Bb3 O-O 8. h3
Bb7 9. c3 d6 10. d4 Re8 11. d5 Na5 12. Bc2 c6 13. dxc6 Bxc6 14. Nbd2 d5 15. Nxe5
dxe4 16. b4 Bf8 17. Nxc6 Nxc6 18. Nf1 Qc7 19. Bg5 Rad8 20. Qe2 Qe5 21. Qe3 h6
22. Bf4 Qe6 23. Bb3 Qf5 24. Ng3 Qc8 25. Qc1 Bd6 26. Bxd6 Rxd6 27. Re3 Rd3 28.
Qe1 Qc7 29. Bc2 Rxe3 30. Qxe3 Qe5 31. Bb3 Nd5 32. Qxe4 Nxc3 33. Qxe5 Rxe5 34.
Rc1 Nxa2 35. Rxc6 Nxb4 36. Rc8+ Kh7 37. Rc7 f6 38. f3 h5 39. Ne4 a5 40. Nxf6+
Kg6 41. Ne4 a4 42. Bf7+ Kf5 43. Kf2 h4 44. Bg8 g6 45. Rf7+ Ke6 46. Rf6+ Ke7 47.
Rxg6 Nd3+ 48. Ke3 Nc5 49. Kd4 Rxe4+ 50. fxe4 Nb3+ 51. Kc3 Nc5 52. Kb4 Nxe4 53.
Re6+ Kf8 54. Rxe4 Kxg8 55. Kxb5 {Black resigns} 1-0

[Event "Team 45 45 League T39"]
[Site "Internet Chess Club"]
[Date "2008.11.03"]
[Round "2"]
[White "OOB1"]
[Black "kingphisch"]
[Result "0-1"]
[WhiteElo "1470"]
[BlackElo "1525"]
[Opening "Caro-Kann: advance variation"]
[ECO "B12"]
[Time "18:04:29"]
[TimeControl "2700+45"]

1. e4 c6 2. d4 d5 3. e5 Bf5 4. Nf3 e6 5. g3 Ne7 6. Nh4 Be4 7. f3 Bg6 8. Bg5 Nd7
9. Nxg6 hxg6 10. Nd2 Qb6 11. Nb3 Nf5 12. Bg2 Rc8 13. Qd3 c5 14. dxc5 Nxc5 15.
Nxc5 Bxc5 16. Bc1 Bf2+ 17. Kf1 Rxh2 18. Bf4 Rxh1+ 19. Bxh1 Nxg3+ 20. Kg2 Nf5 21.
Rf1 Be3 22. Bg3 Qxb2 23. Qb3 Qxc2+ 24. Qxc2 Rxc2+ 25. Kh3 Nxg3 26. Kxg3 Rc1 27.
Bg2 Rxf1 28. Bxf1 g5 29. Bd3 Bf4+ 30. Kg4 Kd7 31. a4 a6 32. Kh5 Bxe5 33. Kxg5
Bf6+ 34. Kg4 Kd6 35. Bh7 b5 36. axb5 axb5 37. Bd3 b4 38. Kf4 Kc5 39. Ke3 e5 40.
Kd2 Kd4 41. Kc2 Ke3 42. Ba6 Kxf3 43. Kd3 Kf4 44. Bb7 d4 45. Kc4 Be7 46. Bd5 f5
47. Be6 g5 48. Kb3 g4 49. Kc2 g3 50. Bd5 e4 51. Bxe4 fxe4 52. Kb3 g2 53. Kc4
{White resigns} 0-1

[Event "Team 45 45 League T39"]
[Site "Internet Chess Club"]
[Date "2008.11.02"]
[Round "2"]
[White "peterdiplaros"]
[Black "Fidelian"]
[Result "0-1"]
[WhiteElo "1427"]
[BlackElo "1297"]
[Opening "Queen's pawn: stonewall attack"]
[ECO "D00"]
[Time "20:53:58"]
[TimeControl "2700+45"]

1. d4 d5 2. e3 Nf6 3. Bd3 Nc6 4. c3 a6 5. f4 Bg4 6. Nf3 e6 7. O-O Bd6 8. Nbd2
Qe7 9. h3 Bxf3 10. Qxf3 h6 11. g4 O-O-O 12. b4 g5 13. f5 e5 14. e4 h5 15. exd5
hxg4 16. hxg4 Nb8 17. Ne4 Nxe4 18. Qxe4 exd4 19. Qxe7 Bxe7 20. f6 Bd6 21. cxd4
Bxb4 22. Bf5+ Nd7 23. Bxg5 Kb8 24. Rab1 Bc3 25. Rfd1 Nb6 26. Rd3 Ba5 27. Ra3
Rxd5 28. Be3 Nc4 29. Rab3 b6 30. Be4 Rd6 31. Bf2 Nd2 32. Bg3 Rxd4 33. Rc1 b5 34.
Ra3 Bb6 35. Bxc7+ Bxc7 36. Rxa6 Rxe4 {White resigns} 0-1

[Event "Team 45 45 League T39"]
[Site "Internet Chess Club"]
[Date "2008.11.02"]
[Round "2"]
[White "Russellovich"]
[Black "Chess2Play"]
[Result "0-1"]
[WhiteElo "1749"]
[BlackElo "1643"]
[Opening "Sicilian: accelerated fianchetto, modern variation with Bc4"]
[ECO "B35"]
[Time "09:00:46"]
[TimeControl "2700+45"]

1. e4 c5 2. Nf3 Nc6 3. d4 cxd4 4. Nxd4 g6 5. Nc3 Bg7 6. Be3 Nf6 7. Bc4 O-O 8.
Bb3 d6 9. f3 Na5 10. Qd2 Nxb3 11. Nxb3 Re8 12. O-O-O Be6 13. g4 Bxb3 14. cxb3
Qa5 15. Kb1 Nd7 16. Bh6 Bh8 17. Qe3 Rac8 18. Rd5 Qb6 19. Qd2 Ne5 20. Be3 Qa6 21.
b4 Nxf3 22. Qf2 Ne5 23. b5 Qa5 24. b6 Qb4 25. Rf1 Rf8 26. Rb5 Qc4 27. Bh6 Nxg4
28. Qd2 Qxf1+ 29. Kc2 Qxb5 30. Bxf8 Kxf8 31. h3 Bxc3 32. bxc3 Nf6 33. bxa7 Qa4+
34. Kb1 Qxa7 35. h4 Nxe4 36. Qh6+ Kg8 37. Ka1 Nxc3 38. Qd2 Qxa2+ 39. Qxa2 Nxa2
{White resigns} 0-1

[Event "Team 45 45 League T39"]
[Site "Internet Chess Club"]
[Date "2008.11.01"]
[Round "2"]
[White "Manch"]
[Black "allanchs"]
[Result "0-1"]
[WhiteElo "1570"]
[BlackElo "1556"]
[Opening "Four knights: Spanish variation"]
[ECO "C48"]
[Time "14:01:30"]
[TimeControl "2700+45"]

1. e4 e5 2. Nf3 Nc6 3. Bb5 Nf6 4. Nc3 d6 5. d4 exd4 6. Nxd4 Bd7 7. O-O Nxd4 8.
Bxd7+ Qxd7 9. Qxd4 Be7 10. Re1 O-O 11. Bg5 Qc6 12. e5 dxe5 13. Qxe5 Bd6 14. Qf5
Bb4 15. Re3 Qc5 16. Qxc5 Bxc5 17. Re5 Bxf2+ 18. Kxf2 Ng4+ 19. Kg1 Nxe5 20. Nd5
c6 21. Nf4 Rfe8 22. Bh4 h6 23. Bg3 Rad8 24. b3 Rd2 25. c4 Ng6 26. Nxg6 fxg6 27.
Bf4 Rc2 28. g4 Ree2 29. Bb8 Rxa2 30. Rxa2 Rxa2 31. b4 a5 32. bxa5 Rxa5 33. Bd6
b5 34. cxb5 cxb5 35. Kg2 Ra2+ 36. Kf3 Kf7 37. Ke3 Ke6 38. Bc7 Kd5 39. Kd3 Ra3+
40. Kc2 Ra4 41. h3 Ra3 42. h4 Ra4 43. g5 Rxh4 44. gxh6 gxh6 45. Bd8 Rh3 46. Bf6
g5 47. Bg7 g4 48. Kd2 h5 49. Ke2 Rf3 50. Bh6 b4 51. Bg5 b3 52. Bh4 b2 53. Kd2
b1=Q {White resigns} 0-1

[Event "Team 45 45 League T39"]
[Site "Internet Chess Club"]
[Date "2008.10.30"]
[Round "2"]
[White "AngryPirate"]
[Black "sdcohle"]
[Result "1-0"]
[WhiteElo "1542"]
[BlackElo "1293"]
[Opening "King's knight's gambit"]
[ECO "C34"]
[Time "22:30:19"]
[TimeControl "2700+45"]

1. e4 e5 2. f4 exf4 3. Nf3 Nc6 4. d4 Bb4+ 5. c3 Ba5 6. Bxf4 d6 7. Bc4 Nf6 8.
Nbd2 O-O 9. O-O Re8 10. e5 dxe5 11. Nxe5 Ne7 12. Bxf7+ Kh8 13. Bxe8 Qxe8 14. Qb3
Ned5 15. Bg5 Be6 16. Qc2 Nd7 17. Nxd7 Qxd7 18. Nc4 Bb6 19. Nxb6 Nxb6 20. Rae1
Bf7 21. Qf5 Kg8 22. Qxd7 Nxd7 23. Re7 Nf6 24. Bxf6 gxf6 25. Rxf6 Rf8 26. Rxc7
Kg7 27. Rfxf7+ Rxf7 28. Rxf7+ Kxf7 29. Kf2 Ke6 30. Kf3 b5 31. Ke4 h5 32. h3 a6
33. b4 Kd6 34. g4 hxg4 35. hxg4 Ke6 36. g5 Kf7 37. Ke5 Kg6 38. Kd5 Kxg5 39. Kc6
Kf5 40. d5 Ke5 41. d6 Ke4 42. d7 Kd3 43. d8=Q+ Kxc3 44. Qa5 Kc4 45. Qxa6 Kxb4
46. Qxb5+ Kc3 47. a3 Kd4 48. a4 Kc3 49. a5 Kd4 50. Qd3+ Ke5 51. a6 Ke6 52. a7
Ke5 53. a8=R Ke6 54. Qf5+ Ke7 55. Ra7+ Ke8 56. Qf8+ Kxf8 57. Kd6 Ke8 58. Rb7 Kf8
59. Ke6 Kg8 60. Kf6 Kh8 61. Kg6 Kg8 62. Rb8# {Black checkmated} 1-0

[Event "Team 45 45 League T39"]
[Site "Internet Chess Club"]
[Date "2008.10.31"]
[Round "2"]
[White "Toalla"]
[Black "Rhel"]
[Result "0-1"]
[WhiteElo "1400"]
[BlackElo "1518"]
[Opening "Queen's gambit declined"]
[ECO "D30"]
[Time "15:00:38"]
[TimeControl "2700+45"]

1. d4 d5 2. c4 e6 3. Bf4 Nf6 4. g3 Bd6 5. Bxd6 Qxd6 6. c5 Qd7 7. Nf3 Nc6 8. e3
Qe7 9. Nc3 O-O 10. a3 Bd7 11. Bb5 Ne4 12. O-O Nxc3 13. bxc3 b6 14. cxb6 cxb6 15.
Nd2 Rfe8 16. a4 Rad8 17. f4 Na5 18. Bxd7 Qxd7 19. e4 Rc8 20. Rf3 Nc4 21. Nxc4
Rxc4 22. e5 Rec8 23. Ra3 g6 24. h4 Kg7 25. Qb1 Rxa4 26. Rb3 Rac4 27. g4 Qe7 28.
g5 R8c6 29. Qa1 a5 30. Qa3 Qxa3 31. Rxa3 a4 32. Kf2 b5 33. Ke2 Rc8 34. Kd2 b4
35. cxb4 Rxb4 36. Rfd3 Rcc4 37. Ke3 Rc1 38. Kf3 Re1 39. Rd2 Re4 {White resigns}
0-1

[Event "Team 45 45 League T39"]
[Site "Internet Chess Club"]
[Date "2008.11.02"]
[Round "2"]
[White "Prop"]
[Black "jjaillet2007"]
[Result "1/2-1/2"]
[WhiteElo "1333"]
[BlackElo "1281"]
[Opening "French: advance, Paulsen attack"]
[ECO "C02"]
[Time "16:00:29"]
[TimeControl "2700+45"]

1. e4 e6 2. d4 d5 3. e5 c5 4. c3 Nc6 5. Nf3 cxd4 6. cxd4 f6 7. Bb5 Bb4+ 8. Nc3
Qa5 9. Bd2 Bxc3 10. Bxc6+ bxc6 11. Bxc3 Qb6 12. O-O c5 13. Rb1 cxd4 14. Bxd4 Qc7
15. Rc1 Qb8 16. Qa4+ Bd7 17. Qa6 Ne7 18. exf6 Bb5 19. Qxe6 gxf6 20. Bxf6 Qb7 21.
Bxh8 Qd7 22. Qxd7+ Kxd7 23. Rfe1 Rxh8 24. Nd4 a6 25. Nxb5 axb5 26. a3 Kd6 27. b3
Nc6 28. b4 Ra8 29. Ra1 Nd4 30. Red1 Nc2 31. f4 Nxa1 32. Rxa1 Ke6 33. g4 d4 34.
Kf1 Kd5 35. Ke2 Ke4 36. f5 d3+ 37. Kd2 Rc8 38. Rc1 Rc4 39. f6 Ke5 40. f7 Rf4 41.
Kxd3 Rxf7 42. Rc5+ Kf4 43. Rxb5 Kxg4 44. Ke3 Rf3+ 45. Kd4 Rxa3 46. Rb7 h5 47.
Rh7 Rh3 48. b5 Rxh2 49. Kc5 Rb2 50. b6 h4 51. Kc6 h3 52. b7 Kg3 {Game drawn by
mutual agreement} 1/2-1/2

[Event "Team 45 45 League T39"]
[Site "Internet Chess Club"]
[Date "2008.11.03"]
[Round "2"]
[White "ars-felidae"]
[Black "Graybeard"]
[Result "1-0"]
[WhiteElo "1229"]
[BlackElo "1206"]
[Opening "Giuoco Piano"]
[ECO "C50"]
[Time "08:57:52"]
[TimeControl "2700+45"]

1. e4 e5 2. Nf3 Nc6 3. Bc4 Bc5 4. O-O Nf6 5. Nc3 d6 6. h3 O-O 7. d3 Re8 8. Bg5
Be6 9. Nd5 h6 10. Nxf6+ gxf6 11. Bxh6 Bxc4 12. dxc4 Nd4 13. Nh4 f5 14. Nxf5 Re6
15. Bg7 Qg5 16. Qg4 Qxg4 17. hxg4 Nxf5 18. gxf5 Ree8 19. f6 c6 20. g3 Red8 21.
Kg2 d5 22. Rh1 {Black resigns} 1-0